 Dungeon Crawl Stone Soup version 0.21.1-1-g345015f (webtiles) character file.

70 tidbits the Sneak (level 4, -1/32 HPs)
             Began as a Gnoll Enchanter on June 6, 2018.
             Slain by an adder (3 damage)
             ... on level 3 of the Dungeon.
             The game lasted 00:04:31 (476 turns).

tidbits the Sneak (Gnoll Enchanter)                  Turns: 476, Time: 00:04:33

Health: -1/32      AC:  2    Str: 11    XL:     4   Next: 21%
Magic:  0/11       EV: 15    Int: 18    God:
Gold:   94         SH:  0    Dex: 15    Spells: 4/13 levels left

rFire    . . .     SeeInvis .   a - +1 dagger
rCold    . . .     Gourm    +   (no shield)
rNeg     . . .     Faith    .   b - +0 robe
rPois    .         Spirit   .   (no helmet)
rElec    .         Reflect  .   (no cloak)
rCorr    .         Harm     .   (no gloves)
MR       .....                  (no boots)
Stlth    +++.......             j - amulet of the gourmand
HPRegen  0.10/turn              (no ring)
MPRegen  0.12/turn              (no ring)

@: very slightly contaminated
A: distributed training, fangs 1, strong nose
a: no special abilities


You were on level 3 of the Dungeon.
You were not hungry.

You visited 1 branch of the dungeon, and saw 4 of its levels.

You collected 94 gold pieces.

Inventory:

Hand Weapons
 a - a +1 dagger (weapon)
Missiles
 e - 51 stones (quivered)
 g - 17 arrows
Armour
 b - a +0 robe (worn)
 f - a +0 pair of gloves
Jewellery
 j - an amulet of the gourmand (around neck)
   (You found it on level 2 of the Dungeon)
Scrolls
 h - a scroll of blinking
 i - a scroll of magic mapping {unknown}
 k - a scroll of remove curse {unknown}
Books
 d - a book of Maledictions

   Spells                             Type                      Level
   a - Corona                         Hexes                        1
   b - Ensorcelled Hibernation        Hexes/Ice                    2
   c - Confuse                        Hexes                        3
   d - Tukima's Dance                 Hexes                        3
   e - Dazzling Spray                 Conjuration/Hexes            3
Comestibles
 c - 4 rations


   Skills:
 + Level 1.0 Fighting
 + Level 2.7 Short Blades
 + Level 1.0 Long Blades
 + Level 1.0 Axes
 + Level 1.0 Maces & Flails
 + Level 1.0 Polearms
 + Level 1.0 Staves
 + Level 1.0 Slings
 + Level 1.0 Bows
 + Level 1.0 Crossbows
 + Level 1.0 Throwing
 + Level 1.0 Armour
 + Level 4.6 Dodging
 + Level 6.0 Stealth
 + Level 1.0 Shields
 + Level 1.0 Unarmed Combat
 + Level 5.0 Spellcasting
 + Level 0.8 Conjurations
 + Level 5.4 Hexes
 + Level 0.8 Charms
 + Level 0.8 Summonings
 + Level 0.8 Necromancy
 + Level 0.8 Translocations
 + Level 0.8 Transmutations
 + Level 0.8 Fire Magic
 + Level 0.8 Ice Magic
 + Level 0.8 Air Magic
 + Level 0.8 Earth Magic
 + Level 0.8 Poison Magic
 + Level 1.1 Invocations
 + Level 1.0 Evocations


You had 4 spell levels left.
You knew the following spells:

 Your Spells              Type           Power        Failure   Level  Hunger
a - Corona                Hex            ###....      1%          1    None
c - Confuse               Hex            ###.....     4%          3    ##.....
d - Dazzling Spray        Conj/Hex       ###...       11%         3    ##.....
e - Ensorcelled Hibernat  Hex/Ice        ###...       5%          2    #......


Dungeon Overview and Level Annotations

Branches:
Dungeon (4/15)
 Temple: D:4-7

Altars:

Annotations:
D:2 Jessica, Terence


Innate Abilities, Weirdness & Mutations

Your experience applies equally to all skills.
You have very sharp teeth.
Your uncanny sense of smell can sniff out nearby items.


Message History

The adder barely misses you.
You puncture the adder! Your bite misses the adder.
The adder is almost dead.
You feel sick. The adder bites you.
* * * LOW HITPOINT WARNING * * *
The adder closely misses you.
You hit the adder.
You kill the adder!
You have reached level 4!
You feel stronger.
You see here a rat corpse.
You feel sick.
You feel sick.
Found 13 gold pieces.
Jessica and Terence come into view.
You feel sick.
You are no longer poisoned.
Your magical contamination has completely faded away.
Found a stone staircase leading down.
There is a stone staircase leading down here.
You climb downwards.
A rat comes into view.
Found 12 gold pieces.
There is a stone staircase leading up here.
A kobold comes into view. It is wielding a whip.
You feel a little less mighty now.
Found a chain mail.
The helpless rat fails to defend itself.
You impale the rat!!
You kill the rat!
You see here 7 gold pieces.
You now have 89 gold pieces (gained 7).
A leopard gecko comes into view.
You see here 5 gold pieces.
You now have 94 gold pieces (gained 5).
Found a stone staircase leading down.
A goblin comes into view. It is wielding a dagger.
Found a ration.
You enter a teleport trap!
The teleport trap disappears.
Your surroundings suddenly seem different.
A worm comes into view.
Found a stone staircase leading down.
Casting: Corona
Confirm with . or Enter, or press ? or * to list all spells.
Aiming: Ensorcelled Hibernation
Press: ? - help, Shift-Dir - straight line, f - worm
Aim: a worm (chance to defeat MR: 54%)
The worm looks drowsy...
The helpless worm fails to defend itself.
You impale the worm!!
You kill the worm!
Found 11 stones.
You see here 11 stones.
e - 51 stones (gained 11)
There is a stone staircase leading down here.
You climb downwards.
There is a stone staircase leading up here.
Unknown command.
You climb upwards.
There is a stone staircase leading down here.
Unknown command.
Found a pair of gloves.
An adder comes into view.
You see here a pair of gloves.
f - a pair of gloves The adder bites you.
* * * LOW HITPOINT WARNING * * *
The adder barely misses you.
Casting: Ensorcelled Hibernation
Confirm with . or Enter, or press ? or * to list all spells.
Aiming: Ensorcelled Hibernation
Press: ? - help, Shift-Dir - straight line, f - adder
Aim: an adder (chance to defeat MR: 54%)
You miscast Ensorcelled Hibernation.
You are very lightly contaminated with residual magic.
Nothing appears to happen.
The adder bites you.
* * * LOW HITPOINT WARNING * * *
Casting: Ensorcelled Hibernation
Confirm with . or Enter, or press ? or * to list all spells.
Aiming: Ensorcelled Hibernation
Press: ? - help, Shift-Dir - straight line, f/p - adder
Aim: an adder (chance to defeat MR: 54%)
The adder resists with significant effort.
The adder bites you.
* * * LOW HITPOINT WARNING * * *
Casting: Ensorcelled Hibernation
Confirm with . or Enter, or press ? or * to list all spells.
Aiming: Ensorcelled Hibernation
Press: ? - help, Shift-Dir - straight line, f/p - adder
Aim: an adder (chance to defeat MR: 54%)
The adder resists with significant effort.
The adder closely misses you.
Casting: Ensorcelled Hibernation
Confirm with . or Enter, or press ? or * to list all spells.
Aiming: Corona
Press: ? - help, Shift-Dir - straight line, f/p - adder
Aim: an adder (chance to defeat MR: 72%)
The adder is outlined in light.
The adder bites you but does no damage. The adder bites you.
You die...

#.##.####.......#...#
#.##.# ..##.##...###
#.##.. ##.##.###.##
#.##... ..>^......#
#.....[.#.##.###..#
#.......l.##.###..##
#.......#.##.#.....#
.##.##S#.#...####
.......@..........
.....#.......#####
### #.#.....#
#.####.## .. ... ###
####


You could see an adder.

Vanquished Creatures
  Natasha (D:2)
  3 adders (D:2)
  A worm (D:3)
  4 hobgoblins
  2 bats (D:1)
  A frilled lizard (D:1)
  4 goblins
  2 rats
18 creatures vanquished.

Notes
Turn   | Place    | Note
-------+----------+-------------------------------------------
     0 | D:1      | tidbits the Gnoll Enchanter began the quest for the Orb.
     0 | D:1      | Reached XP level 1. HP: 13/13 MP: 6/6
   104 | D:2      | Noticed Natasha
   105 | D:2      | Killed Natasha
   105 | D:2      | Reached skill level 5 in Spellcasting
   105 | D:2      | Reached XP level 2. HP: 17/20 MP: 8/8
   105 | D:2      | Reached XP level 3. HP: 21/25 MP: 9/9
   110 | D:2      | Learned a level 3 spell: Confuse
   113 | D:2      | Learned a level 2 spell: Ensorcelled Hibernation
   117 | D:2      | Learned a level 3 spell: Dazzling Spray
   256 | D:2      | Reached skill level 6 in Stealth
   278 | D:1      | Reached skill level 1 in Invocations
   379 | D:2      | Reached skill level 1 in Fighting
   379 | D:2      | Reached skill level 1 in Long Blades
   379 | D:2      | Reached skill level 1 in Axes
   379 | D:2      | Reached skill level 1 in Maces & Flails
   379 | D:2      | Reached skill level 1 in Polearms
   379 | D:2      | Reached skill level 1 in Staves
   379 | D:2      | Reached skill level 1 in Slings
   379 | D:2      | Reached skill level 1 in Bows
   379 | D:2      | Reached skill level 1 in Crossbows
   379 | D:2      | Reached skill level 1 in Throwing
   379 | D:2      | Reached skill level 1 in Armour
   379 | D:2      | Reached skill level 1 in Shields
   379 | D:2      | Reached skill level 1 in Unarmed Combat
   379 | D:2      | Reached skill level 1 in Evocations
   398 | D:2      | Reached XP level 4. HP: 5/32 MP: 0/11
   408 | D:2      | Noticed Jessica
   408 | D:2      | Noticed Terence
   409 | D:2      | HP: 3/32 [poisoned by an adder]
   473 | D:3      | HP: 3/32 [adder (4)]
   474 | D:3      | HP: 1/32 [adder (2)]
   476 | D:3      | Slain by an adder

Skill      XL: |  1  2  3 |
---------------+----------+-----
Spellcasting   | 5 |  5.0
Stealth        | 6 |  6.0
Invocations    | 1 |  1.1
Fighting       | 1 |  1.0
Long Blades    | 1 |  1.0
Axes           | 1 |  1.0
Maces & Flails | 1 |  1.0
Polearms       | 1 |  1.0
Staves         | 1 |  1.0
Slings         | 1 |  1.0
Bows           | 1 |  1.0
Crossbows      | 1 |  1.0
Throwing       | 1 |  1.0
Armour         | 1 |  1.0
Shields        | 1 |  1.0
Unarmed Combat | 1 |  1.0
Evocations     | 1 |  1.0
Short Blades   | |  2.7
Dodging        | |  4.6
Conjurations   | |  0.8
Hexes          | |  5.4
Charms         | |  0.8
Summonings     | |  0.8
Necromancy     | |  0.8
Translocations | |  0.8
Transmutations | |  0.8
Fire Magic     | |  0.8
Ice Magic      | |  0.8
Air Magic      | |  0.8
Earth Magic    | |  0.8
Poison Magic   | |  0.8

Action                   |  1- 3 |  4- 6 || total
-------------------------+-------+-------++-------
Melee: Dagger            |    44 |     2 ||    46
       Bite              |     2 |       ||     2
 Cast: Corona            |     6 |     1 ||     7
       Ensorcelled Hiber |    11 |     3 ||    14
  Use: Scroll            |     1 |       ||     1
       Potion            |     1 |       ||     1
 Stab: Sleeping          |     7 |     2 ||     9
Armor: Robe              |     5 |     1 ||     6
Dodge: Dodged            |    34 |     2 ||    36

Table legend:
 A = Turns spent in this place as a percentage of turns spent in the entire game.
 B = Non-inter-level travel turns spent in this place as a percentage of non-inter-level travel turns spent in the entire game.
 C = Inter-level travel turns spent in this place as a percentage of turns spent in this place.
 D = Turns resting spent in this place as a percentage of non-inter-level travel turns spent in this place.
 E = Turns spent auto-exploring this place as a percentage of non-inter-level travel turns spent in this place.
 F = Non-inter-level travel turns spent in this place divided by the number of levels of this place that you've seen.
                   A       B       C       D       E      F
               +-------+-------+-------+-------+-------+----------------------
         Total | 100.0 | 100.0 |   1.7 |   0.0 |   0.0 | 117.0
       Dungeon | 100.0 | 100.0 |   1.7 |   0.0 |   0.0 | 117.0
               +-------+-------+-------+-------+-------+----------------------

Table legend:
 A = Kills in this place as a percentage of kills in entire the game.
 B = Kills by you in this place as a percentage of kills by you in the entire game.
 C = Kills by friends in this place as a percentage of kills by friends in the entire game.
 D = Other kills in this place as a percentage of other kills in the entire game.
 E = Experience gained in this place as a percentage of experience gained in the entire game.
 F = Experience gained in this place divided by the number of levels of this place that you have seen.
                   A       B       C       D       E      F
               +-------+-------+-------+-------+-------+----------------------
         Total | 100.0 | 100.0 |   N/A |   N/A | 100.0 |  25.0
       Dungeon | 100.0 | 100.0 |   N/A |   N/A | 100.0 |  25.0
               +-------+-------+-------+-------+-------+----------------------

Vault maps used:
D:1:      dpeg_arrival_signposts
D:2:      nicolae_overflow_crystal_walls, uniq_jessica, uniq_natasha,
          uniq_terence
D:3:      lemuel_crystal_altar, led_xom_imps
D:4:      nemelex_xobeh_ov_fountains_minmay, evilmike_ruin_ashenzari
